 Dungeon Crawl Stone Soup version 0.19.0-11-g3fc08b3 (webtiles) character file.

8736 inmateoo the Cleaver (level 11, -9/83 (84) HPs)
             Began as a Demonspawn Gladiator on Nov 8, 2016.
             Was a High Priest of Okawaru.
             Mangled by a komodo dragon (21 damage)
             ... on level 11 of the Dungeon.
             The game lasted 00:19:39 (12644 turns).

inmateoo the Cleaver (Demonspawn Gladiator)        Turns: 12644, Time: 00:19:40

HP:   -9/83 (84)    AC: 18    Str: 18 (20) XL:     11   Next: 13%
MP:   17/17         EV: 10    Int: 12      God:    Okawaru [*****.]
Gold: 184           SH:  6    Dex: 11 (14) Spells: 0 memorised, 10 levels left

rFire  . . .     SeeInvis .     l - +1 hand axe (chop)
rCold  + . .     Gourm    .     j - +5 plate armour of Qemusiux {rElec Str+2}
rNeg   + . .     Faith    .     b - +3 buckler {rN+}
rPois  .         Spirit   .     (helmet restricted)
rElec  +         Reflect  .     G - +0 cloak
rCorr  .         Harm     .     I - +0 pair of gloves
MR     .....     Clarity  +     H - +0 pair of boots
Stlth  ..........               (no amulet)
                                (no ring)
                                L - +3 ring of evasion

@: no status effects
A: antennae 1, icy blue scales 1, clarity, clever 1, cold resistance 1, deformed
body, deterioration 2, powered by death 2
a: Heroism, Finesse, Renounce Religion


You were on level 11 of the Dungeon.
You worshipped Okawaru.
Okawaru was extremely pleased with you.
You were hungry.

You visited 2 branches of the dungeon, and saw 12 of its levels.
You also visited: Labyrinth.

You collected 633 gold pieces.
You spent 449 gold pieces at shops.

Inventory:

Hand Weapons
 a - a +0 war axe
 l - a +1 hand axe of chopping (weapon)
Missiles
 d - 9 throwing nets (quivered)
Armour
 b - a +3 buckler of positive energy (worn)
 j - the +5 plate armour of Qemusiux (worn) {rElec Str+2}
   (You found it on level 8 of the Dungeon)

   It affects your strength (+2).
   It insulates you from electricity.
 G - a +0 cloak (worn)
 H - a +0 pair of boots (worn)
 I - a +0 pair of gloves (worn)
Jewellery
 t - an uncursed ring of fire
 L - a +3 ring of evasion (left hand)
Wands
 u - a wand of iceblast (7/15)
 A - a wand of confusion (25/48)
 F - a wand of iceblast (10/15)
 N - a wand of paralysis (7/24)
 O - a wand of polymorph (5/24)
Scrolls
 h - 4 scrolls of teleportation
 m - 2 scrolls of recharging
 p - 7 scrolls of remove curse
 r - a scroll of magic mapping
 v - a scroll of enchant weapon
 x - 2 scrolls of blinking
 y - 2 scrolls of fog
 J - a scroll of amnesia
Potions
 c - a potion of heal wounds
 i - a potion of resistance {unknown}
 n - 2 potions of cancellation
 o - a potion of brilliance
 q - 2 potions of curing
 s - a potion of cure mutation {unknown}
 w - a potion of ambrosia
 z - 2 potions of flight {unknown}
 B - a potion of agility {unknown}
 C - a potion of might {unknown}
 E - a potion of beneficial mutation {unknown}
Books
 e - a Fen Folio

   Spells                             Type                      Level
   a - Corpse Rot                     Necromancy                   2
   b - Stone Arrow                    Conjuration/Earth            3
   c - Leda's Liquefaction            Hexes/Earth                  4
   d - Summon Forest                  Summoning/Translocation      5
   e - Hydra Form                     Transmutation                6
   f - Summon Hydra                   Summoning                    7
 M - the Handbook of Sinister Poison
   (You found it in a labyrinth)

   Spells                             Type                      Level
   a - Animate Skeleton               Necromancy                   1
   b - Bolt of Draining               Conjuration/Necromancy       5
   c - Venom Bolt                     Conjuration/Poison           5
   d - Alistair's Intoxication        Transmutation/Poison         5
 P - a book of Callings

   Spells                             Type                      Level
   a - Summon Small Mammal            Summoning                    1
   b - Call Imp                       Summoning                    2
   c - Call Canine Familiar           Summoning                    3
   d - Summon Guardian Golem          Hexes/Summoning              3
   e - Summon Lightning Spire         Summoning/Air                4
   f - Summon Ice Beast               Ice/Summoning                4
Miscellaneous
 K - a sack of spiders
Comestibles
 f - 10 bread rations
 g - 5 meat rations
 k - 5 beef jerkies
 D - 3 fruits
 Q - 5 chunks of flesh


   Skills:
 + Level 7.2 Fighting
 + Level 10.6 Axes
 - Level 1.7 Throwing
 + Level 5.6 Armour
 + Level 6.9 Dodging
 - Level 8.1 Invocations


You had 10 spell levels left.
You didn't know any spells.

Dungeon Overview and Level Annotations

Branches:
Dungeon (11/15)            Temple (1/1) D:4            Lair (0/6) D:11
    Orc: D:9-12

Altars:
Ashenzari
Dithmenos
Elyvilon
Gozag
Kikubaaqudgha
Makhleb
Okawaru
Qazlal
Sif Muna
Trog
Uskayaw
Xom
The Shining One

Shops:
D:7 !   D:9 [   D:10 [

Annotations:
D:6 Lochraine's ghost, novice CeAM
D:11 Aelig's ghost, journeyman MfTm


Innate Abilities, Weirdness & Mutations

You have a pair of small antennae on your head.
You are partially covered in icy blue scales. (AC +2)
You regenerate health from kills.
You possess an exceptional clarity of mind.
Your mind is acute. (Int +2)
Your flesh is cold resistant. (rC+)
Armour fits poorly on your strangely shaped body.
Your body often deteriorates upon taking damage.


Message History

The komodo dragon is almost dead.
The komodo dragon bites you.
You hit the komodo dragon.
The komodo dragon is almost dead.
You hit the komodo dragon but do no damage.
The komodo dragon is almost dead.
The komodo dragon bites you!
Your body deteriorates!
You feel weakened.
You hit the komodo dragon.
The komodo dragon is almost dead.
The komodo dragon bites you!!
* * * LOW HITPOINT WARNING * * *
You hit the komodo dragon but do no damage.
The komodo dragon is almost dead.
The komodo dragon bites you.
* * * LOW HITPOINT WARNING * * *
You hit the komodo dragon but do no damage.
The komodo dragon is almost dead.
The komodo dragon bites you!!
You die...

* *,,,,,,,,,,,,,,,*,,,+,,,, *
*,,,,,<,,,,,,,,,*,,,*,,,,
*********,,,,,,,,,,,,,,,**+**,,,,
,,,,,,,,,,,,,,,,,,,,,,,,,,,,,,,,,
,,,,,,,,,,,,,,,,,,,,,,........,,,
..........#############......#***
..........+...........#......#
..........#...[.......#......#
..........#....l@.....#......##
..........#...........#.......#
.......#+*#...........#.....).#
.......#,.............#.......#
.......#,.............'.).....###
####...####+#####.....#.........#
,,,#.∩..........#.....#)#######.#
,,,#............#.....#.#.....#.#
,,,#............#######.#.....#.#


You could see a komodo dragon.

Vanquished Creatures
  An ugly thing (D:11)
  2 trolls
  A wyvern (D:10)
  4 yaks (D:10)
  3 hungry ghosts
  Menkaure (D:5)
  An orc warrior (D:10)
  2 ice beasts
  3 black bears
  3 sky beasts
  10 necrophages (D:8)
  6 ogres
  2 phantoms
  A centaur (D:5)
  4 bullfrogs
  6 scorpions
  A water moccasin skeleton (D:11)
  10 killer bees
  11 wights
  A howler monkey (D:4)
  3 crimson imps
  2 centaur zombies
  6 bullfrog zombies
  A quasit (D:10)
  5 hounds
  2 orc priests
  2 bullfrog skeletons
  A centaur skeleton (D:9)
  A gnoll shaman (D:9)
  An iguana (D:10)
  11 orc wizards
  4 worker ants
  A killer bee zombie (D:8)
  2 human simulacra (D:10)
  2 mummies (D:8)
  A howler monkey zombie (D:7)
  14 gnolls
  A worker ant zombie (D:11)
  9 adders
  An ooze (D:2)
  4 adder zombies
  An adder skeleton (D:4)
  2 worms
  3 dart slugs
  9 leopard geckos
  42 orcs
  A ball python (D:5)
  4 giant cockroaches
  9 goblins
  5 hobgoblins
  8 jackals
  9 kobolds
  10 quokkas
  7 bats
  3 frilled lizards
  A quokka skeleton (D:4)
  6 rats
267 creatures vanquished.

Vanquished Creatures (collateral kills)
  A minotaur (Lab)
1 creature vanquished.

Vanquished Creatures (others)
  A withered plant (D:8)
1 creature vanquished.

Grand Total: 269 creatures vanquished

Notes
Turn   | Place    | Note
-------+----------+-------------------------------------------
     0 | D:1      | inmateoo the Demonspawn Gladiator began the quest for the Orb.
     0 | D:1      | Reached XP level 1. HP: 16/16 MP: 1/1
    25 | D:1      | Reached skill level 3 in Axes
    58 | D:1      | Gained mutation: You are partially covered in icy blue scales. (AC +2) [demonic ancestry]
    58 | D:1      | Reached XP level 2. HP: 14/22 MP: 2/2
   470 | D:1      | Found a shattered altar of Ashenzari.
   663 | D:2      | Reached XP level 3. HP: 25/27 MP: 3/3
   672 | D:2      | Found an iron altar of Okawaru.
   678 | D:2      | Became a worshipper of Warmaster Okawaru
   848 | D:2      | Reached skill level 4 in Axes
   877 | D:2      | Found a deep blue altar of Sif Muna.
  1033 | D:2      | Reached XP level 4. HP: 19/33 MP: 4/4
  1612 | D:3      | Reached skill level 5 in Axes
  1614 | D:3      | Reached XP level 5. HP: 14/38 MP: 5/5
  2101 | D:3      | Found a hide-covered altar of Uskayaw.
  2102 | D:3      | Found a shadowy altar of Dithmenos.
  2234 | D:3      | Found a stormy altar of Qazlal.
  2756 | D:4      | Noticed an ogre
  2850 | D:4      | Reached skill level 6 in Axes
  3122 | D:4      | Gained mutation: You regenerate a little health from kills. [demonic ancestry]
  3122 | D:4      | Reached XP level 6. HP: 43/44 MP: 6/6
  3138 | D:4      | Found a staircase to the Ecumenical Temple.
  3590 | Temple   | Entered the Ecumenical Temple
  3800 | Temple   | Reached * piety under Okawaru
  4103 | D:5      | Entered Level 5 of the Dungeon
  4118 | D:5      | Reached skill level 7 in Axes
  4300 | D:5      | Reached XP level 7. HP: 48/50 MP: 4/7
  4325 | D:5      | Reached skill level 8 in Axes
  4409 | D:5      | Noticed Menkaure
  4417 | D:5      | Killed Menkaure
  4471 | D:5      | Found a burning altar of Makhleb.
  4891 | D:5      | Found a white marble altar of Elyvilon.
  4997 | D:5      | Reached ** piety under Okawaru
  5154 | D:5      | Found an opulent altar of Gozag.
  5483 | D:6      | Found an ancient bone altar of Kikubaaqudgha.
  5484 | D:6      | Found a glowing golden altar of the Shining One.
  5735 | D:6      | Gained mutation: You have a pair of small antennae on your head. [demonic ancestry]
  5735 | D:6      | Reached XP level 8. HP: 39/56 MP: 8/8
  5986 | D:6      | Noticed Lochraine's ghost (novice CeAM)
  6017 | D:7      | Reached skill level 1 in Invocations
  6023 | D:7      | Reached skill level 1 in Armour
  6191 | D:7      | Gained mutation: Your body sometimes deteriorates upon taking damage. [potion of mutation]
  6191 | D:7      | Gained mutation: You evolve. [potion of mutation]
  6191 | D:7      | Gained mutation: Your mind is acute. (Int +2) [potion of mutation]
  6192 | D:7      | Gained mutation: Armour fits poorly on your strangely shaped body. [potion of mutation]
  6192 | D:7      | Gained mutation: Your spells are a little easier to cast, but a little less powerful. [potion of mutation]
  6218 | D:7      | Found Melick's Distillery.
  6224 | D:7      | Bought a potion of mutation for 32 gold pieces
  6224 | D:7      | Gained mutation: Your body often deteriorates upon taking damage. [potion of mutation]
  6224 | D:7      | Gained mutation: You possess an exceptional clarity of mind. [potion of mutation]
  6354 | D:7      | Reached skill level 9 in Axes
  6377 | D:7      | Found a glowing golden altar of the Shining One.
  6822 | D:7      | Found a bloodstained altar of Trog.
  8099 | D:7      | Reached XP level 9. HP: 52/65 MP: 8/12
  8635 | D:8      | Got an ancient plate armour
  8650 | D:8      | Identified the +5 plate armour of Qemusiux {rElec Str+2} (You found it on level 8 of the Dungeon)
  9119 | D:8      | Reached *** piety under Okawaru
  9284 | D:8      | Reached skill level 5 in Invocations
  9328 | D:8      | Reached skill level 5 in Dodging
  9405 | D:8      | Reached skill level 5 in Fighting
  9470 | D:8      | Received a gift from Okawaru
 10120 | D:8      | Gained mutation: You regenerate health from kills. [demonic ancestry]
 10120 | D:8      | Reached XP level 10. HP: 73/73 MP: 11/14
 10442 | D:9      | Reached skill level 10 in Axes
 10481 | D:9      | Reached **** piety under Okawaru
 10646 | D:9      | Found a faded altar of an unknown god.
 10646 | D:9      | Found a faded altar of an unknown god.
 10651 | D:9      | Found a faded altar of an unknown god.
 10653 | D:9      | Found a faded altar of an unknown god.
 10655 | D:9      | Found a shimmering altar of Xom.
 10723 | D:9      | Found Icre's Antique Armour Emporium.
 10816 | D:9      | Got a warped scale mail
 10846 | D:9      | Identified the +4 scale mail of Facuo {Int+3 Dex+4} (You found it on level 9 of the Dungeon)
 11019 | D:10     | Entered Level 10 of the Dungeon
 11179 | D:10     | Reached ***** piety under Okawaru
 11193 | D:10     | Reached skill level 5 in Armour
 11608 | D:10     | Gained mutation: Your flesh is cold resistant. (rC+) [evolution]
 11647 | D:10     | Found Nejin's Antique Armour Boutique.
 11653 | D:10     | Bought a cloak for 139 gold pieces
 11653 | D:10     | Bought a pair of boots for 139 gold pieces
 11653 | D:10     | Bought a pair of gloves for 139 gold pieces
 11719 | D:10     | Received a gift from Okawaru
 12033 | D:11     | Found a labyrinth entrance.
 12048 | Lab      | Entered a labyrinth
 12153 | Lab      | Noticed a minotaur
 12172 | Lab      | Killed a minotaur
 12172 | Lab      | Reached XP level 11. HP: 34/83 MP: 15/17
 12182 | Lab      | Identified the Handbook of Sinister Poison
 12402 | D:11     | Noticed Aelig's ghost (journeyman MfTm)
 12532 | D:11     | Noticed a white ugly thing
 12561 | D:11     | Killed a white ugly thing
 12595 | D:11     | Lost mutation: Your spells are a little easier to cast, but a little less powerful. [evolution]
 12595 | D:11     | Lost mutation: You evolve. [end of evolution]
 12644 | D:11     | Mangled by a komodo dragon

Skill      XL: |  1  2  3  4  5  6  7  8  9 10 |
---------------+-------------------------------+-----
Axes           | 3 4 5 6 7 8 9 10 | 10.6
Invocations    | 4 6 8 |  8.1
Armour         | 2 4 5 |  5.6
Dodging        | 4 5 6 |  6.9
Fighting       | 3 5 7 |  7.2
Throwing       | |  1.7

Action                   |  1- 3 |  4- 6 |  7- 9 | 10-12 || total
-------------------------+-------+-------+-------+-------++-------
Melee: War axe           |    48 |       |    33 |       ||    81
       Hand axe          |    61 |   244 |   669 |   539 ||  1513
       Punch             |       |       |       |     4 ||     4
Invok: Heroism           |       |     1 |    13 |     7 ||    21
Evoke: Sack of spiders   |       |       |       |     5 ||     5
  Use: Scroll            |       |     5 |    10 |     4 ||    19
       Potion            |       |     2 |     8 |     2 ||    12
  Eat: Chunk             |       |    10 |    20 |     5 ||    35
       Fruit             |       |       |     2 |     5 ||     7
       Pizza             |       |       |     1 |       ||     1
       Beef jerky        |       |       |       |     4 ||     4
Armor: Leather armour    |    42 |    21 |       |       ||    63
       Chain mail        |       |    83 |   238 |       ||   321
       Plate armour      |       |       |    97 |   182 ||   279
       Skin              |       |       |    39 |    86 ||   125
Dodge: Dodged            |    78 |   115 |   248 |   179 ||   620
Block: Buckler           |       |       |       |    30 ||    30
